 Dungeon Crawl Stone Soup version 0.31-a0-198-g2ad674f65e (webtiles) character file.

Game seed: 2305245675112993001

134 qw the Skirmisher (level 4, -5/25 HPs)
             Began as a Deep Elf Hunter on June 25, 2023.
             Slain by Blork the orc
             ... wielding a +0 battleaxe
              (6 damage)
             ... on level 4 of the Dungeon.
             The game lasted 00:01:04 (2189 turns).

qw the Skirmisher (Deep Elf Hunter)                 Turns: 2189, Time: 00:01:05

Health: -5/25      AC:  4    Str:  7 (10) XL:     4   Next: 95%
Magic:  6/6        EV: 13    Int:  9 (11) God:
Gold:   225        SH:  0    Dex: 17 (18) Spells: 3/3 levels left

rFire   . . .        Y - +2 shortbow
rCold   . . .        (shield currently unavailable)
rNeg    . . .        j - +0 robe of Vlad {Rampage Will++ rCorr Int-3}
rPois   .            e - +0 helmet
rElec   .            (no cloak)
rCorr   +            h - +0 pair of gloves
SInv    .            (no boots)
Will    ++...        (no amulet)
Stlth   ++           (no ring)
HPRegen 0.24/turn    (no ring)
MPRegen 0.10/turn

%: rampage
@: about to teleport
A: no striking features
a: no special abilities


You were on level 4 of the Dungeon.
You visited 1 branch of the dungeon, and saw 4 of its levels.

You collected 225 gold pieces.


   Skills:
 - Level 1.5 Fighting
 - Level 8.2 Ranged Weapons
 + Level 2.7 Dodging
 - Level 1.2 Stealth


You had 3 spell levels left.
You didn't know any spells.
Your spell library was empty.

Inventory:

Hand Weapons
 Y - a +2 shortbow (weapon)
Armour
 e - a +0 helmet (worn)
 h - a +0 pair of gloves (worn)
 i - a +0 ring mail
 j - the +0 robe of Vlad (worn) {Rampage Will++ rCorr Int-3}
   (You found it on level 3 of the Dungeon)

   Int:       It affects your intelligence (-3).
   rCorr:     It protects you from acid and corrosion.
   Rampage:   It bestows one free step when moving towards enemies.
   Will:      It greatly increases your willpower.
Jewellery
 c - a ring of see invisible
Scrolls
 b - 2 scrolls of teleportation
 l - a scroll of brand weapon {unknown}
 m - a scroll of identify
 o - 2 scrolls of revelation {unknown}
 p - a scroll of fear {unknown}
Potions
 a - a potion of enlightenment {unknown}
 d - a potion of heal wounds {unknown}
 f - a potion of curing
 g - a potion of lignification {unknown}
 k - a potion of brilliance {unknown}
 n - a potion of might {unknown}

Dungeon Overview and Level Annotations

Branches:
Dungeon (4/15)
 Temple: D:4-7

Altars:

Annotations:
D:4 Blork the orc


Message History

Blork the orc comes into view.
He is wielding a +0 battleaxe.
Enter note:
Enter note:
Enter note: You shoot an arrow.
The arrow hits Blork the orc!
Blork the orc shouts!
Blork the orc is moderately wounded.
Blork the orc screams, "Die!"
You shoot an arrow.
The arrow completely misses Blork the orc.
Blork the orc mumbles some strange words.
Blork the orc seems to speed up.
You shoot an arrow. The arrow hits Blork the orc.
Blork the orc is moderately wounded.
Blork the orc points at you and mumbles some strange words.
The puff of flame misses you.
You shoot an arrow. The arrow hits Blork the orc.
Blork the orc is heavily wounded.
Blork the orc closely misses you.
You shoot an arrow. The arrow barely misses Blork the orc.
Blork the orc hits you with a +0 battleaxe!
You shoot an arrow. The arrow hits Blork the orc.
Blork the orc is heavily wounded.
Blork the orc hits you with a +0 battleaxe.
Blork the orc casts a spell at you. The puff of frost misses you.
You shoot an arrow. The arrow hits Blork the orc.
Blork the orc is severely wounded.
Blork the orc hits you with a +0 battleaxe!
2188 ||| READING 3 scrolls of teleportation.
As you read the scroll of teleportation, it crumbles to dust.
You feel strangely unstable. Blork the orc barely misses you.
Blork the orc points at you and mumbles some strange words.
The magic dart hits you.
You shoot an arrow.
The arrow hits Blork the orc but does no damage.
Blork the orc is severely wounded.
Blork the orc hits you with a +0 battleaxe.
You die...

........[...#
........##+##
.##.###.##.#
...........#
.##.######.##
#..# #. #..#
#. #..# #.
#.@# #
#o......#
.....
....###....
#.... ######
#. . #.... #.
#....
.#..#....
....#....
.........
#......


You could see Blork the orc (fast).

Vanquished Creatures
  4 gnolls (D:3)
  An adder (D:2)
  4 worms
  A dart slug (D:2)
  An orc (D:4)
  3 bats
  10 endoplasms
  3 giant cockroaches
  4 goblins (D:2)
  13 hobgoblins
  3 jackals (D:4)
  8 kobolds
  3 quokkas
  3 ball pythons
  A frilled lizard (D:2)
  A rat (D:3)
63 creatures vanquished.

Notes
Turn   | Place    | Note
-------+----------+-------------------------------------------
     0 | D:1      | qw the Deep Elf Hunter began the quest for the Orb.
     0 | D:1      | Reached XP level 1. HP: 12/12 MP: 3/3
     0 | D:1      | 0 ||| qw: Version: 0.3-a-22-g0ed2b0b
     0 | D:1      | 0 ||| qw: Game counter: 5473
     0 | D:1      | 0 ||| qw: Melee chars always use a shield: true
     0 | D:1      | 0 ||| qw: God list: Okawaru
     0 | D:1      | 0 ||| qw: Allow faded altars: false
     0 | D:1      | 0 ||| qw: Do Orc after clearing Dungeon:15 true
     0 | D:1      | 0 ||| qw: Do second Lair branch before Depths: true
     0 | D:1      | 0 ||| qw: Lair rune preference: random
     0 | D:1      | 0 ||| qw: Goals: Normal
     0 | D:1      | 0 ||| PLANNING D:1-11
    14 | D:1      | 14 ||| READING scroll labelled WILOAKIELU.
    45 | D:1      | 45 ||| DROPPING scroll of butterflies.
    78 | D:1      | Reached XP level 2. HP: 15/16 MP: 4/4
   125 | D:1      | Reached skill level 6 in Ranged Weapons
   134 | D:1      | 134 ||| DROPPING +0 sling of freezing.
   206 | D:1      | 206 ||| READING scroll labelled EMIBRES SIPPEO.
   500 | D:1      | 500 ||| READING scroll labelled GEMMEH IL VOK.
   532 | D:1      | 532 ||| READING scroll labelled PECZUU ZEAD.
   589 | D:2      | Reached XP level 3. HP: 20/20 MP: 5/5
   798 | D:2      | Reached skill level 7 in Ranged Weapons
   883 | D:2      | 883 ||| FLEEEEING.
   884 | D:2      | 884 ||| FLEEEEING.
   885 | D:2      | 885 ||| FLEEEEING.
   886 | D:2      | 886 ||| FLEEEEING.
   887 | D:2      | 887 ||| FLEEEEING.
   888 | D:2      | 888 ||| FLEEEEING.
   889 | D:2      | 889 ||| FLEEEEING.
   890 | D:2      | 890 ||| FLEEEEING.
   891 | D:2      | 891 ||| FLEEEEING.
   892 | D:2      | 892 ||| FLEEEEING.
   893 | D:2      | 893 ||| FLEEEEING.
   894 | D:2      | 894 ||| FLEEEEING.
   895 | D:2      | 895 ||| FLEEEEING.
   896 | D:2      | 896 ||| FLEEEEING.
   897 | D:2      | 897 ||| FLEEEEING.
   898 | D:2      | 898 ||| FLEEEEING.
   899 | D:2      | 899 ||| FLEEEEING.
  1120 | D:2      | Reached XP level 4. HP: 25/25 MP: 6/6
  1143 | D:2      | 1143 ||| UPGRADING to +0 helmet.
  1148 | D:2      | 1148 ||| DRINKING 2 purple potions.
  1251 | D:3      | Found a faded altar of an unknown god.
  1320 | D:3      | Reached skill level 8 in Ranged Weapons
  1354 | D:3      | Identified the +0 robe of Vlad {Rampage Will++ rCorr Int-3}
  1853 | D:3      | 1853 ||| UPGRADING to +0 pair of gloves.
  1858 | D:3      | 1858 ||| UPGRADING to +0 ring mail.
  1868 | D:3      | 1868 ||| DROPPING +0 leather armour.
  1869 | D:3      | 1869 ||| UPGRADING to +0 robe of Vlad {Rampage Will++ rCorr
                  | Int-3}.
  1879 | D:3      | 1879 ||| READING scroll labelled SUFRUA UMNEE.
  1880 | D:3      | 1880 ||| DRINKING 2 bubbling grey potions.
  1881 | D:3      | 1881 ||| DROPPING potion of degeneration.
  2130 | D:4      | 2130 ||| READING scroll of enchant weapon.
  2130 | D:4      | 2130 ||| ENCHANTING +1 shortbow.
  2180 | D:4      | Noticed Blork the orc
  2187 | D:4      | HP: 3/25 [Blork the orc/+0 battleaxe (8)]
  2188 | D:4      | 2188 ||| READING 3 scrolls of teleportation.
  2188 | D:4      | HP: 1/25 [Blork the orc/magic dart (2)]
  2189 | D:4      | Slain by Blork the orc

Levels and vault maps discovered:
D:1:      roderic_crop_circles_arrival_small, layout_rooms,
          chequers_serial_rivers_small_3, minmay_misc_feat_enclosed
D:2:      layout_loops_cross, minmay_goblin_outpost
D:3:      minmay_inner_zag, layout_basic,
          shapermc_ecumenical_altar_starsandcircs
D:4:      layout_basic, elyvilon_altar_5, uniq_blork_the_orc

Skill      XL: |  1  2  3  4 |
---------------+-------------+-----
Ranged Weapons | 6 7 8 |  8.2
Fighting       | |  1.5
Dodging        | |  2.7
Stealth        | |  1.2

Action                     |  1- 3 |  4- 6 || total
---------------------------+-------+-------++-------
   Fire: Shortbow          |   106 |    76 ||   182
    Use: Scroll            |     4 |     3 ||     7
         Potion            |       |     2 ||     2
 Armour: Leather armour    |     4 |     3 ||     7
         Robe              |       |     2 ||     2
  Dodge: Dodged            |    21 |    10 ||    31

Table legend:
 A = Non-vault XP
 B = Vault XP
 C = Vault XP percentage of total XP
 D = Non-vault monster count
 E = Vault monster count
 F = Vault count percentage of total count
                 A         B        C        D         E       F
            +---------+---------+-------+---------+---------+-------
      Total |     170 |      22 |  11.5 |      53 |      10 |  15.9
            +---------+---------+-------+---------+---------+-------
        D:1 |      34 |       0 |   0.0 |      18 |       0 |   0.0
        D:2 |      54 |      10 |  15.6 |      18 |       5 |  21.7
        D:3 |      66 |      12 |  15.4 |       9 |       5 |  35.7
        D:4 |      16 |       0 |   0.0 |       8 |       0 |   0.0
            +---------+---------+-------+---------+---------+-------
